 Dungeon Crawl Stone Soup version 0.28-a0-1387-g3a22ab9bdc (webtiles) character file.

Game seed: 821598010808442029

3695 willcat the Blocker (level 10, -13/81 HPs)
             Began as a Gnoll Fighter on Jan 2, 2022.
             Was an Initiate of Gozag.
             Mangled by a komodo dragon (23 damage)
             ... on level 1 of the Lair of Beasts.
             The game lasted 00:11:38 (9248 turns).

willcat the Blocker (Gnoll Fighter)                 Turns: 9248, Time: 00:11:38

Health: -13/81     AC: 17    Str: 16    XL:     10   Next: 13%
Magic:  17/17      EV: 12    Int: 11    God:    Gozag
Gold:   609        SH:  6    Dex: 12    Spells: 19/19 levels left

rFire   . . .      SeeInvis .   x - +2 spear (vamp)
rCold   + + .      Faith    .   c - +0 buckler
rNeg    . . .      Spirit   .   p - +2 chain mail {rC+}
rPois   .          Reflect  .   n - +1 helmet
rElec   .          Harm     .   (no cloak)
rCorr   .          Rampage  .   (no gloves)
Will    .....                   q - +1 pair of boots
Stlth   ..........              (no amulet)
HPRegen 0.23/turn               a - ring of protection from cold
MPRegen 0.15/turn               E - +4 ring of evasion

@: gold aura
A: fangs 1, strong nose, distributed training
a: Renounce Religion, Potion Petition, Call Merchant, Bribe Branch


You were on level 1 of the Lair of Beasts.
You worshipped Gozag.
Gozag was pleased with you.
You visited 3 branches of the dungeon, and saw 10 of its levels.
You also visited: Ossuary.

You collected 771 gold pieces.
You spent 80 gold pieces at shops.
You paid 82 gold pieces to Gozag.

Inventory:

Hand Weapons
 x - a +2 vampiric spear (weapon)
Armour
 c - a +0 buckler (worn)
 n - a +1 helmet (worn)
 p - a +2 chain mail of cold resistance (worn)
 q - a +1 pair of boots (worn)
Jewellery
 a - a ring of protection from cold (left hand)
 h - a ring of fire
 m - a ring of wizardry
 v - a ring of magical power
 y - a +6 ring of intelligence
 E - a +4 ring of evasion (right hand)
Wands
 r - a wand of acid (2)
 w - a wand of flame (13)
 F - a wand of digging (1)
Scrolls
 b - a scroll of summoning
 e - 3 scrolls of immolation
 f - 4 scrolls of teleportation
 i - 3 scrolls of blinking
 I - a scroll of enchant armour
Potions
 d - a potion of might
 o - 4 potions of heal wounds
 s - a potion of resistance {unknown}
 u - 4 potions of curing
 z - a potion of ambrosia
 A - a potion of attraction {unknown}
 B - a potion of haste
 D - a potion of cancellation


   Skills:
 + Level 8.3 Fighting
 + Level 5.0 Short Blades
 + Level 5.0 Long Blades
 + Level 5.0 Axes
 + Level 5.0 Maces & Flails
 + Level 6.8 Polearms
 + Level 5.0 Staves
 + Level 5.0 Slings
 + Level 5.0 Bows
 + Level 5.0 Crossbows
 + Level 5.0 Throwing
 + Level 8.3 Armour
 + Level 5.0 Dodging
 + Level 5.0 Stealth
 + Level 8.3 Shields
 + Level 5.0 Unarmed Combat
 + Level 5.0 Spellcasting
 + Level 4.1 Conjurations
 + Level 4.1 Hexes
 + Level 4.1 Summonings
 + Level 4.1 Necromancy
 + Level 4.1 Translocations
 + Level 4.1 Transmutations
 + Level 4.1 Fire Magic
 + Level 4.1 Ice Magic
 + Level 4.1 Air Magic
 + Level 4.1 Earth Magic
 + Level 4.1 Poison Magic
 + Level 5.4 Invocations
 + Level 5.0 Evocations


You had 19 spell levels left.
You didn't know any spells.
Your spell library contained the following spells:

 Spells                   Type           Power      Damage    Failure   Level
 Dazzling Flash           Conj/Hex       22%        N/A       82%         3
 Iskenderun's Mystic Bla  Conj/Tloc      11%        2d4       99%         4
 Fireball                 Conj/Fire      5%         3d5       100%        5
 Starburst                Conj/Fire      5%         6d4       100%        6
 Ignition                 Fire           5%         3d4       100%        8


Dungeon Overview and Level Annotations

Branches:
Dungeon (8/15)             Temple (1/1) D:4            Lair (1/6) D:8
Ossuary (visited)

Altars:
Ashenzari
Cheibriados
Dithmenos
Elyvilon
Fedhas
Gozag
Hepliaklqana
Kikubaaqudgha
Makhleb
Nemelex Xobeh
Okawaru
Qazlal
Sif Muna
Trog
Uskayaw
Vehumet
Wu Jian
Yredelemnul
Zin

Shops:
D:4 =!:(

Annotations:
D:7 2 transporters, Pooter's ghost, novice MiBe


Innate Abilities, Weirdness & Mutations

You have very sharp teeth.
Your uncanny sense of smell can sniff out nearby items.
Your experience applies equally to all skills.


Message History

You reach to attack!
You closely miss the komodo dragon.
The komodo dragon is moderately wounded.
The bullfrog hits you but does no damage.
The komodo dragon bites something.
The bullfrog hits you but does no damage.
Reach: x) +2 spear (vamp)
Press: ? - help, Dir - move target, f/p - komodo dragon
Aim: a komodo dragon (moderately wounded, about 25% to evade your +2 vampiric spear)
The bullfrog is in the way.
You puncture the bullfrog!
You kill the bullfrog!
Unknown command.
Reach: x) +2 spear (vamp)
Press: ? - help, Dir - move target, f/p - komodo dragon
Aim: a komodo dragon (moderately wounded, about 25% to evade your +2 vampiric spear)
You closely miss the komodo dragon. Your bite misses the komodo dragon.
The komodo dragon is moderately wounded.
The komodo dragon bites you!
Aiming: Corrosive Bolt
Press: ? - help, Shift-Dir - straight line, f/p - komodo dragon
Aim: a komodo dragon (moderately wounded, 81% to hit)
The bolt of acid hits the komodo dragon!
The komodo dragon is severely wounded.
You float gracefully downwards.
The komodo dragon bites you!
Unknown command.
Unknown command.
Aiming: Throw Flame
Press: ? - help, Shift-Dir - straight line, f/p - komodo dragon
Aim: a komodo dragon (severely wounded, 81% to hit)
The puff of flame hits the komodo dragon.
The komodo dragon is almost dead.
The komodo dragon bites you!
* * * LOW HITPOINT WARNING * * *
Aiming: Throw Flame
Press: ? - help, Shift-Dir - straight line, f/p - komodo dragon
Aim: a komodo dragon (almost dead, 81% to hit)
The puff of flame hits the komodo dragon.
The komodo dragon is almost dead.
The komodo dragon bites you!!
You die...
Your body crumbles into a pile of gold.

#..P.##PP..P#..#......
#....#P.....P#.+.....#
#...##P.....#.........
#..##P..!...P#.#......
##..#P#.....P#..##.#.#.
#....#P.....P#.........
##...=#...PP#..........
#....#P..##...........
#....@#$..............
#.....l#P.............
#......#..............
#....##.#.............
#.#.....#P......######
#.......#.......#####.
#.#......#......##....
#........#......#.....
##.#......#......##....


You could see a komodo dragon.

Vanquished Creatures
  Grinder (D:3)
  Prince Ribbit (D:8)
  3 humans
  A yak (D:8)
  A basilisk (D:8)
  2 water moccasins
  Duvessa (D:6)
  2 orc warriors
  A black bear (D:2)
  2 ogres
  A centaur (D:8)
  An elf zombie (Ossuary)
  4 bullfrogs
  2 gnoll sergeants
  A water moccasin skeleton (D:5)
  Dowan (D:6)
  4 howler monkeys
  A lava snake (D:7)
  A centaur zombie (D:6)
  3 orc priests (D:5)
  2 hounds (D:5)
  A jelly (D:6)
  2 gnoll shamans
  Terence (D:2)
  7 orc wizards
  A howler monkey skeleton (D:5)
  2 mummies (Ossuary)
  Robin (D:4)
  2 howler monkey zombies
  10 adders
  21 gnolls
  A shadow imp (D:7)
  An adder skeleton (D:4)
  2 adder zombies (Ossuary)
  4 dart slugs
  18 orcs
  6 ball pythons
  3 endoplasms
  2 giant cockroaches (D:1)
  13 goblins
  3 hobgoblins
  7 jackals (D:4)
  5 kobolds
  6 quokkas
  8 bats
  2 frilled lizards
  3 goblin zombies (Ossuary)
  8 hobgoblin zombies (Ossuary)
  3 jackal zombies (Ossuary)
  9 kobold zombies (Ossuary)
  11 orc zombies (Ossuary)
  9 rats
208 creatures vanquished.

Vanquished Creatures (collateral kills)
  2 gnolls (D:7)
2 creatures vanquished.

Vanquished Creatures (others)
  An orc wizard (D:5)
  2 fungi (Lair:1)
  10 plants (Lair:1)
13 creatures vanquished.

Grand Total: 223 creatures vanquished

Notes
Turn   | Place    | Note
-------+----------+-------------------------------------------
     0 | D:1      | willcat the Gnoll Fighter began the quest for the Orb.
     0 | D:1      | Reached XP level 1. HP: 23/23 MP: 1/1
     8 | D:1      | Noticed an ogre
   257 | D:1      | Reached XP level 2. HP: 27/29 MP: 2/2
   286 | D:1      | Found a faded altar of an unknown god.
   779 | D:2      | Reached XP level 3. HP: 35/35 MP: 3/3
   907 | D:2      | Reached skill level 1 in Invocations
  1094 | D:2      | Reached skill level 1 in Short Blades
  1094 | D:2      | Reached skill level 1 in Long Blades
  1094 | D:2      | Reached skill level 1 in Axes
  1094 | D:2      | Reached skill level 1 in Maces & Flails
  1094 | D:2      | Reached skill level 1 in Staves
  1094 | D:2      | Reached skill level 1 in Slings
  1094 | D:2      | Reached skill level 1 in Bows
  1094 | D:2      | Reached skill level 1 in Crossbows
  1094 | D:2      | Reached skill level 1 in Throwing
  1094 | D:2      | Reached skill level 1 in Dodging
  1094 | D:2      | Reached skill level 1 in Stealth
  1094 | D:2      | Reached skill level 1 in Unarmed Combat
  1094 | D:2      | Reached skill level 1 in Spellcasting
  1094 | D:2      | Reached skill level 1 in Evocations
  1397 | D:2      | Reached XP level 4. HP: 41/41 MP: 5/5
  1414 | D:2      | Noticed Terence
  1456 | D:2      | Killed Terence
  1727 | D:2      | Reached skill level 1 in Conjurations
  1727 | D:2      | Reached skill level 1 in Hexes
  1727 | D:2      | Reached skill level 1 in Summonings
  1727 | D:2      | Reached skill level 1 in Necromancy
  1727 | D:2      | Reached skill level 1 in Translocations
  1727 | D:2      | Reached skill level 1 in Transmutations
  1727 | D:2      | Reached skill level 1 in Fire Magic
  1727 | D:2      | Reached skill level 1 in Ice Magic
  1727 | D:2      | Reached skill level 1 in Air Magic
  1727 | D:2      | Reached skill level 1 in Earth Magic
  1727 | D:2      | Reached skill level 1 in Poison Magic
  1794 | D:2      | Noticed a black bear
  1804 | D:2      | Killed a black bear
  1805 | D:2      | Reached XP level 5. HP: 38/47 MP: 5/7
  2445 | D:3      | Reached XP level 6. HP: 53/53 MP: 8/8
  2513 | D:3      | Noticed a water moccasin
  2530 | D:3      | Killed a water moccasin
  2531 | D:3      | Reached skill level 5 in Polearms
  2632 | D:3      | Noticed Grinder
  2633 | D:3      | Paralysed by Grinder for 2 turns
  2675 | D:3      | Paralysed by Grinder for 3 turns
  2679 | D:3      | Killed Grinder
  2680 | D:3      | Reached XP level 7. HP: 21/60 MP: 10/10
  3004 | D:4      | Found a staircase to the Ecumenical Temple.
  3039 | D:4      | Found Sola's Book Boutique.
  3106 | Temple   | Entered the Ecumenical Temple
  3501 | D:4      | Found a radiant altar of Vehumet.
  3533 | D:4      | Found Iditwane's Antique Weapon Shoppe.
  3613 | D:4      | Found Budeimul's Distillery.
  3627 | D:4      | Bought a potion of curing for 30 gold pieces
  3627 | D:4      | Bought a potion of heal wounds for 50 gold pieces
  3636 | D:4      | Found Mell's Jewellery Shoppe.
  3853 | D:4      | Noticed Robin
  3898 | D:4      | Killed Robin
  4208 | D:5      | Entered Level 5 of the Dungeon
  4286 | D:5      | Reached XP level 8. HP: 55/67 MP: 12/12
  4365 | D:5      | Found a sand-covered staircase.
  4404 | Ossuary  | Entered an ossuary
  5050 | D:5      | Found a blossoming altar of Fedhas.
  5448 | D:5      | Found a stormy altar of Qazlal.
  5455 | D:5      | Found a snail-covered altar of Cheibriados.
  5457 | D:5      | Found an opulent altar of Gozag.
  5459 | D:5      | Found a shimmering blue altar of Sif Muna.
  5464 | D:5      | Became a worshipper of Gozag Ym Sagoz the Greedy
  5540 | D:6      | Noticed Duvessa
  5540 | D:6      | Noticed Dowan
  5550 | D:6      | Killed Dowan
  5560 | D:6      | Killed Duvessa
  5779 | D:6      | Reached XP level 9. HP: 70/72 MP: 14/14
  5819 | D:6      | Found a white marble altar of Elyvilon.
  7313 | D:7      | Found a transporter.
  7359 | D:7      | Noticed Pooter's ghost (novice MiBe)
  7362 | D:7      | Noticed a moth of wrath
  7442 | D:7      | Found a transporter.
  7764 | D:8      | Noticed Prince Ribbit
  7780 | D:8      | Killed Prince Ribbit
  7864 | D:8      | Reached skill level 5 in Invocations
  8064 | D:8      | Noticed an elephant
  8067 | D:8      | Found a staircase to the Lair.
  8243 | D:7      | HP: 2/74 [human (10)]
  8661 | D:7      | Reached XP level 10. HP: 80/80 MP: 17/17
  8894 | Lair:1   | Entered Level 1 of the Lair of Beasts
  8977 | Lair:1   | Reached skill level 5 in Short Blades
  8977 | Lair:1   | Reached skill level 5 in Long Blades
  8977 | Lair:1   | Reached skill level 5 in Axes
  8977 | Lair:1   | Reached skill level 5 in Maces & Flails
  8977 | Lair:1   | Reached skill level 5 in Staves
  8977 | Lair:1   | Reached skill level 5 in Slings
  8977 | Lair:1   | Reached skill level 5 in Bows
  8977 | Lair:1   | Reached skill level 5 in Crossbows
  8977 | Lair:1   | Reached skill level 5 in Throwing
  8977 | Lair:1   | Reached skill level 5 in Dodging
  8977 | Lair:1   | Reached skill level 5 in Stealth
  8977 | Lair:1   | Reached skill level 5 in Unarmed Combat
  8977 | Lair:1   | Reached skill level 5 in Spellcasting
  8977 | Lair:1   | Reached skill level 5 in Evocations
  9248 | Lair:1   | Mangled by a komodo dragon

Illustrated notes

Levels and vault maps discovered:
D:1:      evilmike_arrival_come_back, layout_rooms,
          hellmonk_ecumenical_altar_run_dry
D:2:      layout_basic, uniq_terence
D:3:      layout_basic, minmay_misc_feat_rows, minmay_misc_feat_encased,
          uniq_grinder
D:4:      layout_rooms, nicolae_overflow_crystal_walls,
          minmay_temple_entry_slanted, serial_shops, nicolae_lakefront_shop,
          kennysheep_little_box, nicolae_diamond_shop, nicolae_diamond_shop,
          serial_co_window_serial, co_window_paths_b, co_window_paths_a,
          co_window_paths_b, co_window_paths_b, co_window_of_opportunity_a,
          co_window_paths_b, co_window_paths_a, co_window_broadway_b,
          co_window_corner_b, co_window_2corner, glass_columns_a,
          glass_columns_a, glass_columns_b, glass_columns_b, glass_columns_c,
          kennysheep_nondescript, uniq_robin
D:5:      layout_rooms, minitemple, mainiacjoe_overflow_concentric_impassable,
          nicolae_ossuary_entry_ruins, kennysheep_small_spiral
D:6:      layout_basic, elyvilon_altar_5, uniq_duvessa
D:7:      layout_basic, gammafunk_ghost_berserking_beasts, kennysheep_crisscross
D:8:      layout_rooms, david_lair_generic, hex_medium, hangedman_decor_push,
          minmay_ruffians, uniq_prince_ribbit1
Temple:   hc_temple_tempest_star
Lair:1:   layout_regular_city, st_stairs_10, hangedman_lair_unloving_vines,
          lemuel_old_faithful, serial_bayou_shore_a

Skill      XL: |  1  2  3  4  5  6  7  8  9 10 |
---------------+-------------------------------+-----
Invocations    | 1 2 3 4 5 |  5.4
Short Blades   | 1 2 3 4 5 |  5.0
Long Blades    | 1 2 3 4 5 |  5.0
Axes           | 1 2 3 4 5 |  5.0
Maces & Flails | 1 2 3 4 5 |  5.0
Staves         | 1 2 3 4 5 |  5.0
Slings         | 1 2 3 4 5 |  5.0
Bows           | 1 2 3 4 5 |  5.0
Crossbows      | 1 2 3 4 5 |  5.0
Throwing       | 1 2 3 4 5 |  5.0
Dodging        | 1 2 3 4 5 |  5.0
Stealth        | 1 2 3 4 5 |  5.0
Unarmed Combat | 1 2 3 4 5 |  5.0
Spellcasting   | 1 2 3 4 5 |  5.0
Evocations     | 1 2 3 4 5 |  5.0
Conjurations   | 1 2 3 4 |  4.1
Hexes          | 1 2 3 4 |  4.1
Summonings     | 1 2 3 4 |  4.1
Necromancy     | 1 2 3 4 |  4.1
Translocations | 1 2 3 4 |  4.1
Transmutations | 1 2 3 4 |  4.1
Fire Magic     | 1 2 3 4 |  4.1
Ice Magic      | 1 2 3 4 |  4.1
Air Magic      | 1 2 3 4 |  4.1
Earth Magic    | 1 2 3 4 |  4.1
Poison Magic   | 1 2 3 4 |  4.1
Polearms       | 5 6 |  6.8
Fighting       | 7 8 |  8.3
Armour         | 7 8 |  8.3
Shields        | 7 8 |  8.3

Action                   |  1- 3 |  4- 6 |  7- 9 | 10-12 || total
-------------------------+-------+-------+-------+-------++-------
Melee: Trident           |   114 |   125 |    64 |       ||   303
       Bite              |     4 |    11 |    97 |    11 ||   123
       Spear             |       |       |   855 |   139 ||   994
Evoke: Wand              |       |       |    26 |     3 ||    29
  Use: Potion            |       |     1 |     1 |     2 ||     4
       Scroll            |       |       |    15 |     1 ||    16
Armor: Scale mail        |    44 |     5 |       |       ||    49
       Chain mail        |       |    50 |   388 |    59 ||   497
Dodge: Dodged            |    26 |    36 |   239 |    88 ||   389
Block: Buckler           |    12 |    26 |   197 |    60 ||   295

Table legend: (Time is in decaauts)
 A = Elapsed time spent in this place.
 B = Non-inter-level travel time spent in this place.
 C = Inter-level travel time spent in this place.
 D = Time resting spent in this place.
 E = Time spent auto-exploring this place.
 F = Levels seen in this place.
 G = Mean time per level.
                   A        B        C        D        E       F      G
               +--------+--------+--------+--------+--------+-----+--------+
         Total |   9071 |   8850 |    221 |    892 |   5679 |  11 |  824.6 |
       Dungeon |   7971 |   7764 |    207 |    840 |   5001 |   8 |  996.4 |
        Temple |    273 |    259 |     14 |      0 |    251 |   1 |  273.0 |
          Lair |    343 |    343 |      0 |      0 |    195 |   1 |  343.0 |
       Ossuary |    482 |    482 |      0 |     52 |    232 |   1 |  482.0 |
               +--------+--------+--------+--------+--------+-----+--------+

Top non-repeatable levels by time:
     D:7: 1520 daAuts
     D:2: 1369 daAuts
     D:6: 1068 daAuts
     D:4: 979 daAuts
     D:3: 959 daAuts
     D:5: 789 daAuts
     D:8: 645 daAuts
     D:1: 639 daAuts
 Ossuary: 482 daAuts
  Lair:1: 343 daAuts
  Temple: 273 daAuts
